Map: 匹昂台地

Players

剧场版空之境界

  • Race: Protoss Protoss
  • League: Diamond

Quail - Winner!

  • Race: Protoss Protoss
  • League: Diamond

VOD

Have the link to the VOD?

Description

Time

  • Played on: Dec. 5, 2015, 6:02 a.m.
  • Length: 22:04
Show
View Real Time Build Order
Export as new Build Order

剧场版空之境界 Protoss 

Build Orders: 1 Gate Expand, Oracle Opening 

Get SALT Encoding   

  12  0:01  Probe (Chrono Boost)  
  13  0:11  Probe (Chrono Boost)  
  14  0:18  Pylon  
  14  0:22  Probe (Chrono Boost)  
  15  0:37  Probe (Chrono Boost)  
  15  0:39  Gateway  
  16  0:46  Assimilator  
  16  0:48  Probe (Chrono Boost)  
  17  0:58  Probe (Chrono Boost)  
  18  1:09  Probe (Chrono Boost)  
  19  1:27  Nexus  
  19  1:35  Cybernetics Core  
  19  1:46  Assimilator  
  19  1:50  Probe (Chrono Boost)  
  19  1:51  Pylon  
  20  2:03  Probe (Chrono Boost), Pylon  
  22  2:15  Probe (Chrono Boost)  
  22  2:19  Warp Gate (Chrono Boost)  
  22  2:23  Stargate  
  22  2:30  Probe (Chrono Boost)  
  23  2:41  Stalker, Probe (Chrono Boost)  
  25  2:59  Probe  
  25  3:05  Gateway  
  26  3:10  Oracle (Chrono Boost)  
  29  3:13  Probe x2  
  29  3:17  Stalker  
  33  3:25  Probe  
  34  3:32  Pylon  
  34  3:37  Mothership Core  
  32  3:57  Probe  
  32  3:58  Probe  
  34  4:05  Oracle (Chrono Boost)  
  34  4:09  Probe  
  38  4:10  Probe  
  38  4:15  Gateway  
  39  4:18  Pylon  
  39  4:21  Probe  
  39  4:22  Probe  
  41  4:30  Forge  
  41  4:33  Probe  
  41  4:34  Probe  
  43  4:39  Stalker  
  43  4:41  Stalker  
  48  4:45  Probe  
  48  4:47  Probe  
  49  4:57  Probe  
  49  4:59  Probe  
  51  5:01  Robotics Facility  
  51  5:05  Protoss Ground Weapons Level 1  
  51  5:09  Probe  
  51  5:11  Probe  
  53  5:22  Probe  
  53  5:25  Probe  
  53  5:28  Nexus  
  55  5:38  Pylon  
  55  5:40  Probe x2  
  57  5:43  Stalker x3, Assimilator  
  57  5:47  Assimilator  
  57  5:49  Pylon  
  64  5:50  Observer (Chrono Boost)  
  64  6:15  Robotics Bay  
  64  6:21  Stalker  
  66  6:40  Pylon  
  66  6:42  Stalker  
  66  6:43  Stalker  
  70  6:49  Gateway  
  70  6:51  Gateway  
  70  6:56  Stalker  
  70  6:57  Pylon  
  72  7:11  Disruptor (Chrono Boost)  
  72  7:12  Gateway  
  75  7:15  Gateway  
  75  7:19  Pylon  
  75  7:20  Probe  
  76  7:37  Assimilator  
  76  7:39  Gateway  
  76  7:40  Stalker x3  
  76  7:41  Assimilator  
  76  7:42  Disruptor (Chrono Boost)  
  85  7:47  Protoss Ground Armor Level 1  
  85  7:50  Twilight Council  
  84  8:05  Stalker x2  
  88  8:11  Photon Cannon  
  91  8:13  Disruptor (Chrono Boost)  
  91  8:14  Stalker  
  93  8:25  Stalker x2  
  93  8:26  Robotics Facility  
  97  8:34  Probe  
  97  8:35  Probe x2  
  100  8:46  Photon Cannon  
  100  8:48  Probe, Dark Shrine  
  101  8:57  Stalker  
  101  8:58  Stalker x3  
  101  8:59  Stalker x2  
  113  9:07  Observer (Chrono Boost)  
  110  9:21  Disruptor (Chrono Boost)  
  110  9:26  Blink (Chrono Boost)  
  85  9:43  Disruptor  
  86  9:49  Stalker  
  86  9:51  Disruptor  
  90  10:02  Stalker  
  90  10:03  Stalker x3  
  98  10:19  Disruptor  
  87  10:25  Observer  
  69  10:29  Stalker x2  
  69  10:30  Stalker x5  
  81  10:41  Disruptor  
  76  10:47  Probe x2  
  76  10:49  Probe  
  81  10:56  Stalker  
  81  10:57  Stalker  
  86  10:59  Probe x3  
  86  11:02  Dark Templar  
  89  11:11  Probe  
  89  11:13  Disruptor  
  86  11:18  Disruptor  
  92  11:36  Stalker x4  
  92  11:37  Stalker x2  
  104  11:52  Stalker x2  
  108  12:00  Disruptor  
  108  12:05  Disruptor  
  112  12:13  Stalker  
  114  12:20  Stalker  
  114  12:21  Stalker  
  115  12:31  Disruptor  
  116  12:56  Nexus  
  116  13:01  Disruptor  
  116  13:03  Disruptor  
  117  13:13  Pylon  
  117  13:15  Pylon  
  117  13:17  Pylon  
  117  13:19  Pylon  
  117  13:26  Stalker x3  
  117  13:34  Disruptor  
  117  13:36  Disruptor  
  117  13:38  Dark Templar  
  117  13:39  Dark Templar  
  127  13:43  Photon Cannon  
  127  13:47  Photon Cannon  
  127  13:49  Photon Cannon  
  125  14:11  Disruptor  
  125  14:16  Disruptor  
  131  14:17  Stalker  
  131  14:18  Stalker x5  
  143  14:43  Disruptor  
  143  14:52  Disruptor  
  137  15:14  Disruptor  
  118  15:19  Stalker x4  
  118  15:20  Stalker x3  
  83  15:39  Disruptor  
  83  15:41  Stalker  
  83  15:42  Stalker x2  
  84  15:43  Stalker  
  84  15:44  Stalker  
  86  15:50  Stalker x2  
  90  16:00  Dark Templar  
  92  16:09  Probe  
  92  16:10  Probe  
  93  16:11  Probe x2  
  93  16:17  Disruptor  
  93  16:20  Stalker  
  93  16:21  Stalker x2  
  93  16:24  Assimilator  
  102  16:26  Assimilator  
  99  16:44  Stalker x3  
  99  16:46  Disruptor  
  108  16:47  Probe  
  108  16:48  Probe  
  108  16:49  Probe  
  108  16:52  Disruptor  
  108  17:21  Disruptor  
  109  17:23  Disruptor  
  112  17:39  Dark Templar  
  114  17:54  Disruptor  
  114  17:57  Disruptor  
  108  18:11  Stalker x3  
  108  18:12  Nexus  
  114  18:26  Pylon  
  114  18:28  Pylon  
  114  18:30  Pylon  
  114  18:32  Stalker  
  114  18:33  Disruptor  
  117  19:00  Dark Templar x2  
  117  19:01  Dark Templar, Observer  
  117  19:02  Dark Templar, Assimilator  
  125  19:06  Assimilator  
  125  19:09  Observer  
  75  20:08  Disruptor  
  75  20:12  Stalker x3  
  75  20:13  Disruptor  
  75  20:14  Stalker x3  
  77  20:30  Gateway  
  77  20:33  Gateway, Probe  
  77  20:35  Probe x2  
  80  20:39  Disruptor  
  80  20:41  Stalker x2  
  84  20:48  Disruptor  
  87  21:01  Stalker x3  
  87  21:02  Stalker  
  91  21:08  Nexus  
  91  21:10  Disruptor  
  89  21:24  Disruptor  
  90  21:30  Stalker  
  90  21:31  Zealot x2  
  90  21:32  Zealot x2  
Show
View Real Time Build Order
Export as new Build Order

Quail Protoss - Winner!

Build Orders:  

Get SALT Encoding   

  12  0:01  Probe (Chrono Boost)  
  13  0:11  Probe (Chrono Boost)  
  14  0:17  Pylon  
  14  0:22  Probe (Chrono Boost)  
  15  0:35  Probe (Chrono Boost)  
  16  0:36  Gateway  
  16  0:44  Assimilator  
  16  0:46  Probe (Chrono Boost)  
  17  0:56  Probe (Chrono Boost)  
  18  1:07  Probe (Chrono Boost)  
  19  1:17  Probe (Chrono Boost)  
  20  1:23  Cybernetics Core  
  20  1:41  Assimilator  
  20  1:46  Pylon  
  20  1:47  Nexus  
  20  1:54  Probe (Chrono Boost)  
  23  2:02  Stalker  
  23  2:05  Probe (Chrono Boost)  
  26  2:16  Mothership Core (Chrono Boost)  
  26  2:24  Warp Gate  
  26  2:34  Probe (Chrono Boost)  
  26  2:36  Robotics Facility  
  27  2:45  Probe (Chrono Boost)  
  27  2:49  Stalker  
  30  2:55  Probe (Chrono Boost)  
  30  3:00  Probe (Chrono Boost)  
  30  3:03  Pylon  
  31  3:06  Probe (Chrono Boost)  
  32  3:19  Stalker (Chrono Boost)  
  34  3:23  Gateway, Observer  
  35  3:28  Probe x2 (Chrono Boost)  
  37  3:44  Observer  
  37  3:48  Stalker (Chrono Boost), Probe  
  40  3:49  Probe  
  39  3:58  Probe  
  39  4:01  Probe (Chrono Boost)  
  41  4:03  Pylon  
  41  4:10  Probe (Chrono Boost)  
  41  4:13  Probe (Chrono Boost)  
  43  4:17  Immortal  
  43  4:21  Probe (Chrono Boost)  
  49  4:24  Probe (Chrono Boost)  
  49  4:32  Probe (Chrono Boost)  
  49  4:34  Probe (Chrono Boost)  
  49  4:35  Pylon  
  51  4:42  Gateway, Probe (Chrono Boost)  
  51  4:44  Gateway  
  51  4:45  Assimilator  
  52  4:49  Assimilator  
  52  4:56  Probe x2 (Chrono Boost)  
  54  5:02  Twilight Council  
  54  5:05  Robotics Bay  
  55  5:07  Probe (Chrono Boost)  
  55  5:17  Stalker x2  
  55  5:19  Probe x2 (Chrono Boost)  
  61  5:27  Immortal  
  64  5:37  Probe x2 (Chrono Boost), Pylon  
  66  5:46  Stalker  
  66  5:47  Stalker  
  70  5:50  Blink (Chrono Boost)  
  70  5:54  Pylon  
  70  6:03  Pylon  
  70  6:06  Warp Prism  
  71  6:18  Gravitic Drive  
  71  6:24  Robotics Facility  
  71  6:27  Gateway  
  71  6:29  Gateway, Probe  
  71  6:31  Probe  
  70  6:41  Probe  
  70  6:42  Disruptor (Chrono Boost)  
  70  6:43  Probe  
  75  7:05  Nexus  
  75  7:07  Pylon  
  75  7:14  Disruptor (Chrono Boost)  
  78  7:19  Forge, Disruptor (Chrono Boost)  
  81  7:25  Probe  
  82  7:31  Stalker x3  
  88  7:46  Observer (Chrono Boost)  
  93  7:56  Immortal (Chrono Boost)  
  93  8:04  Disruptor (Chrono Boost)  
  96  8:05  Stalker x2  
  96  8:06  Stalker  
  101  8:18  Probe x2  
  101  8:19  Probe  
  104  8:25  Protoss Ground Weapons Level 1  
  107  8:36  Pylon  
  107  8:37  Photon Cannon  
  107  8:38  Disruptor (Chrono Boost)  
  107  8:42  Pylon x2  
  107  8:44  Pylon  
  110  8:57  Warp Prism (Chrono Boost)  
  110  8:59  Stalker x3  
  118  9:14  Disruptor (Chrono Boost)  
  118  9:25  Stalker x3  
  118  9:29  Immortal (Chrono Boost)  
  120  9:47  Adept x3  
  120  9:50  Stalker x3  
  120  9:51  Immortal (Chrono Boost)  
  132  10:03  Probe x2, Disruptor (Chrono Boost)  
  132  10:05  Probe  
  120  10:08  Stalker x3  
  126  10:17  Probe  
  123  10:26  Stalker x3  
  92  10:42  Stalker x3  
  93  10:44  Probe x2  
  93  10:45  Probe  
  93  10:47  Assimilator  
  96  10:51  Assimilator  
  96  10:53  Gateway  
  96  10:54  Stalker x2, Stargate  
  96  10:55  Gateway  
  100  11:03  Adept  
  102  11:19  Stalker x5  
  102  11:24  Probe  
  113  11:25  Probe  
  113  11:35  Nexus  
  113  11:37  Pylon  
  113  11:38  Disruptor (Chrono Boost)  
  113  11:39  Pylon  
  112  11:41  Observer (Chrono Boost)  
  103  12:09  Stalker x5  
  113  12:17  Adept  
  111  12:39  Stalker x4  
  111  12:40  Stalker x3  
  125  12:45  Probe x3  
  125  12:47  Probe  
  129  13:01  Disruptor (Chrono Boost)  
  129  13:07  Disruptor (Chrono Boost)  
  130  13:30  Stalker x3  
  130  13:33  Probe x2  
  130  13:34  Probe  
  139  13:35  Probe  
  139  13:36  Assimilator  
  139  13:37  Disruptor (Chrono Boost)  
  139  13:38  Disruptor (Chrono Boost), Assimilator  
  146  13:43  Pylon  
  146  13:48  Pylon  
  149  14:12  Disruptor (Chrono Boost)  
  146  14:17  Adept x6  
  146  14:18  Adept x2  
  146  14:19  Probe  
  146  14:21  Probe  
  164  14:25  Disruptor (Chrono Boost)  
  167  14:53  Adept x5  
  105  15:17  Stalker x6  
  105  15:18  Stalker  
  107  15:27  Stalker  
  99  15:45  Disruptor (Chrono Boost)  
  99  15:47  Disruptor (Chrono Boost)  
  99  15:48  Stalker x6  
  99  15:49  Stalker  
  119  16:06  Fleet Beacon  
  125  16:18  Disruptor (Chrono Boost)  
  125  16:20  Stalker  
  125  16:21  Stalker x2, Disruptor (Chrono Boost)  
  129  16:49  Disruptor (Chrono Boost), Photon Cannon  
  129  16:53  Photon Cannon  
  135  16:56  Nexus  
  135  16:57  Disruptor (Chrono Boost)  
  131  17:11  Adept x2  
  129  17:33  Stalker x2  
  129  17:36  Tempest (Chrono Boost)  
  137  17:50  Templar Archives  
  137  17:52  Stalker  
  137  18:06  Stalker  
  137  18:07  Stalker x2  
  143  18:17  Tempest (Chrono Boost)  
  147  18:22  Observer  
  147  18:25  Observer  
  149  18:32  High Templar x3  
  149  18:33  High Templar x2  
  159  18:37  Archon x2  
  159  18:39  Stalker x2  
  163  18:48  Stalker  
  167  19:11  Assimilator  
  167  19:14  Assimilator  
  167  19:17  Pylon  
  167  19:19  Pylon  
  165  19:37  Adept x5  
  165  19:38  Adept x3  
  92  20:14  Stalker x7  
  90  20:15  Stalker  
  97  20:28  Probe x2  
  97  20:29  Probe x2  
  97  20:33  Photon Cannon  
  101  20:36  Pylon  
  101  20:38  Probe, Disruptor  
  101  20:39  Probe, Photon Cannon  
  101  20:41  Probe  
  104  20:43  Disruptor  
  110  21:00  Stalker x2  
  97  21:24  Stalker x2  
  101  21:26  Zealot  
  101  21:27  Zealot x5  
  113  21:43  Photon Cannon  
  106  21:59  Stalker  
  106  22:00  Stalker x2  
Tags
 
Add a new tag
Caveats
  • Supply blocks, unpowered buildings, or Contaminate may cause inaccurate times.
  • Supply counts are checked every 10 seconds.